 Dungeon Crawl Stone Soup version 0.21.0-37-g46506fa (webtiles) character file.

46 garbagetei the Charmwright (level 3, -4/31 HPs)
             Began as a Gnoll Skald on Feb 1, 2018.
             Slain by a gnoll
             ... wielding a +2 spear of piercing
              (6 damage)
             ... on level 2 of the Dungeon.
             The game lasted 00:01:46 (1128 turns).

garbagetei the Charmwright (Gnoll Skald)            Turns: 1128, Time: 00:01:46

Health: -4/31      AC:  3    Str: 14    XL:     3   Next: 66%
Magic:  0/9        EV: 14    Int: 15    God:
Gold:   23         SH:  0    Dex: 14    Spells: 11/12 levels left

rFire    . . .     SeeInvis .   a - +0 falchion
rCold    . . .     Gourm    .   (no shield)
rNeg     . . .     Faith    .   b - +0 leather armour
rPois    .         Spirit   +   (no helmet)
rElec    .         Reflect  .   i - scarf {Spirit}
rCorr    .         Harm     .   (no gloves)
MR       .....                  (no boots)
Stlth    +.........             (no amulet)
HPRegen  0.10/turn              (no ring)
MPRegen  0.11/turn              (no ring)

@: no status effects
A: distributed training, fangs 1, strong nose
a: no special abilities


You were on level 2 of the Dungeon.
You were not hungry.

You visited 1 branch of the dungeon, and saw 2 of its levels.

You collected 23 gold pieces.

Inventory:

Hand Weapons
 a - a +0 falchion (weapon)
Armour
 b - a +0 leather armour (worn)
 g - a cursed +0 ring mail
 i - a scarf of spirit shield (worn)
Scrolls
 e - a scroll of amnesia {unknown}
 f - a scroll of enchant weapon {unknown}
 j - 2 scrolls of magic mapping {unknown}
Potions
 h - 2 potions of curing {unknown}
Books
 c - a book of Battle

   Spells                             Type                      Level
   a - Infusion                       Charms                       1
   b - Shroud of Golubria             Charms/Translocation         2
   c - Song of Slaying                Charms                       2
   d - Spectral Weapon                Hexes/Charms                 3
   e - Regeneration                   Charms/Necromancy            3
Comestibles
 d - 2 rations
 k - a chunk of flesh


   Skills:
 + Level 4.5 Fighting
 + Level 0.9 Short Blades
 + Level 4.5 Long Blades
 + Level 0.9 Axes
 + Level 0.9 Maces & Flails
 + Level 0.9 Polearms
 + Level 0.9 Staves
 + Level 0.9 Slings
 + Level 0.9 Bows
 + Level 0.9 Crossbows
 + Level 0.9 Throwing
 + Level 2.6 Armour
 + Level 4.5 Dodging
 + Level 0.9 Stealth
 + Level 0.9 Shields
 + Level 0.9 Unarmed Combat
 + Level 5.0 Spellcasting
 + Level 0.6 Conjurations
 + Level 0.6 Hexes
 + Level 5.4 Charms
 + Level 0.6 Summonings
 + Level 0.6 Necromancy
 + Level 0.6 Translocations
 + Level 0.6 Transmutations
 + Level 0.6 Fire Magic
 + Level 0.6 Ice Magic
 + Level 0.6 Air Magic
 + Level 0.6 Earth Magic
 + Level 0.6 Poison Magic
 + Level 1.0 Invocations
 + Level 0.9 Evocations


You had 11 spell levels left.
You knew the following spells:

 Your Spells              Type           Power        Failure   Level  Hunger
a - Infusion              Chrm           ###.         2%          1    None


Dungeon Overview and Level Annotations

Branches:
Dungeon (2/15)

Altars:


Innate Abilities, Weirdness & Mutations

Your experience applies equally to all skills.
You have very sharp teeth.
Your uncanny sense of smell can sniff out nearby items.


Message History

The giant cockroach closely misses you. The gnoll barely misses you.
The giant cockroach bites you.
You closely miss the giant cockroach.
The giant cockroach is moderately wounded.
The gnoll barely misses you. The giant cockroach misses you.
You riposte.
You hit the giant cockroach.
You kill the giant cockroach!
The gnoll hits you with a spear of piercing.
Things that are here:
a giant cockroach corpse; a bat corpse You hit the gnoll but do no damage.
The gnoll hits you but does no damage.
You barely miss the gnoll.
The gnoll hits you with a spear of piercing.
You barely miss the gnoll.
The gnoll hits you with a spear of piercing! x2
* * * LOW HITPOINT WARNING * * *
x2 You hit the gnoll.
The gnoll is moderately wounded.
The gnoll hits you with a spear of piercing!
You die...

#...# ##'## #####
#††# #...# #..# #...#
##.# #...#∆ #.# #...#
#.# #...#
#.####gg.############
#...@ggg.......g....#
###################.#
#.# #g# #.# #g#
#######g# #....w.gg
#......g.


You could see 5 gnolls.

Vanquished Creatures
  3 dart slugs (D:1)
  2 giant cockroaches
  3 goblins
  6 hobgoblins (D:1)
  7 jackals (D:1)
  5 kobolds
  A ball python (D:2)
  5 bats
  3 frilled lizards
  2 rats (D:2)
37 creatures vanquished.

Notes
Turn   | Place    | Note
-------+----------+-------------------------------------------
     0 | D:1      | garbagetei the Gnoll Skald began the quest for the Orb.
     0 | D:1      | Reached XP level 1. HP: 20/20 MP: 6/6
   104 | D:1      | Reached XP level 2. HP: 22/26 MP: 7/7
   537 | D:1      | Reached XP level 3. HP: 24/31 MP: 9/9
   544 | D:1      | Reached skill level 5 in Spellcasting
  1033 | D:2      | Reached skill level 1 in Invocations
  1128 | D:2      | Slain by a gnoll

Skill      XL: |  1  2  3 |
---------------+----------+-----
Spellcasting   | 5 |  5.0
Invocations    | 1 |  1.0
Fighting       | |  4.5
Short Blades   | |  0.9
Long Blades    | |  4.5
Axes           | |  0.9
Maces & Flails | |  0.9
Polearms       | |  0.9
Staves         | |  0.9
Slings         | |  0.9
Bows           | |  0.9
Crossbows      | |  0.9
Throwing       | |  0.9
Armour         | |  2.6
Dodging        | |  4.5
Stealth        | |  0.9
Shields        | |  0.9
Unarmed Combat | |  0.9
Conjurations   | |  0.6
Hexes          | |  0.6
Charms         | |  5.4
Summonings     | |  0.6
Necromancy     | |  0.6
Translocations | |  0.6
Transmutations | |  0.6
Fire Magic     | |  0.6
Ice Magic      | |  0.6
Air Magic      | |  0.6
Earth Magic    | |  0.6
Poison Magic   | |  0.6
Evocations     | |  0.9

Action                   || total
-------------------------++-------
Melee: Falchion          ||   107
       Bite              ||    11
 Stab: Sleeping          ||     3
  Eat: Chunk             ||     1
Armor: Leather armour    ||    24
Dodge: Dodged            ||    93
       Rpst.: Falchion   ||    34
